 Dungeon Crawl Stone Soup version 0.26-a0-771-g060e6a62af (webtiles) character file.

Game seed: 3192428972490959177

0 miscthings the Sneak (level 1, -2/20 HPs)
             Began as a Palentonga Delver on Nov 8, 2020.
             Slain by Duvessa
             ... wielding a +0 short sword
              (7 damage)
             ... on level 5 of the Dungeon.
             The game lasted 00:00:42 (280 turns).

miscthings the Sneak (Palentonga Delver)             Turns: 280, Time: 00:00:42

Health: -2/20      AC:  4    Str: 15    XL:     1   Next: 8%
Magic:  1/1        EV:  9    Int: 10    God:
Gold:   0          SH:  0    Dex: 11    Spells: 0/0 levels left

rFire    . . .     SeeInvis +   a - +0 hand axe
rCold    . . .     Faith    .   (no shield)
rNeg     . . .     Spirit   .   b - +0 leather armour
rPois    .         Reflect  .   (no helmet)
rElec    .         Harm     .   (no cloak)
rCorr    .         Rampage  .   (no gloves)
MR       .....                  (no barding)
Stlth    ++........             (no amulet)
HPRegen  0.06/turn              (no ring)
MPRegen  0.07/turn              (no ring)

@: hasted, very quick
A: large, rugged brown scales 3, see invisible, deformed body, roll, armoured
tail
a: Rolling Charge


You were on level 5 of the Dungeon.
You visited 1 branch of the dungeon, and saw 1 of its levels.

Inventory:

Hand Weapons
 a - a +0 hand axe (weapon)
Armour
 b - a +0 leather armour (worn)
Wands
 g - a wand of digging (3)
Scrolls
 c - a scroll of fog
 d - a scroll of magic mapping
 e - a scroll of fear
 h - a scroll of enchant armour {unknown}


   Skills:
 - Level 3.0 Fighting
 + Level 2.0 Axes
 - Level 1.5 Dodging
 - Level 3.3 Stealth


You couldn't memorise any spells.
You didn't know any spells.
Your spell library was empty.

Dungeon Overview and Level Annotations

Branches:
Dungeon (5/15)
 Temple: D:4-7

Altars:

Annotations:
D:5 Dowan, Duvessa


Innate Abilities, Weirdness & Mutations

You are completely covered in rugged brown scales. (AC +3, +7% HP)
You have supernaturally acute eyesight. (SInv)
Armour fits poorly on your strangely shaped body.
You can roll at foes to attack.
You have a long armoured tail.


Message History

Duvessa hits you but does no damage.
You hit Duvessa but do no damage. You tail-slap Duvessa.
Duvessa is severely wounded.
Duvessa hits you with a +0 short sword!
* * * LOW HITPOINT WARNING * * *
You hit Duvessa but do no damage.
Your tail-slap misses Duvessa.
Duvessa is severely wounded.
Duvessa hits you but does no damage.
You hit Duvessa.
Duvessa is severely wounded.
You hit Duvessa but do no damage.
Duvessa is severely wounded.
Duvessa barely misses you.
You hit Duvessa.
Duvessa is severely wounded.
Duvessa hits you but does no damage.
You hit Duvessa but do no damage. You tail-slap Duvessa.
Duvessa is almost dead.
Duvessa hits you with a +0 short sword!
You die...

### ############.#
.............######.#
#####...........O....
#.######.########.
#.##..............
#.##.###....e###.
#.##.# #...#e# #.##.#
#.#.#@# #.##.#
#.#...# #.##.#
#.#.### #.##.# #.###
≈≈.##.##.# #.
.........############
≈≈.##.###............
≈≈..........#########
≈≈..#.#####.#


You could see Duvessa and Dowan.

Vanquished Creatures
  A giant cockroach zombie (D:5)
1 creature vanquished.

Notes
Turn   | Place    | Note
-------+----------+-------------------------------------------
     0 | D:5      | miscthings the Palentonga Delver began the quest for the
                  | Orb.
     0 | D:5      | Reached XP level 1. HP: 20/20 MP: 1/1
   117 | D:5      | Noticed a centaur
   231 | D:5      | Noticed an ogre
   259 | D:5      | Noticed Dowan
   267 | D:5      | Noticed Duvessa
   280 | D:5      | Slain by Duvessa

Illustrated notes

Levels and vault maps discovered:
D:5:      layout_basic, serial_shops, nicolae_shop_trees, minivault_14,
          uniq_duvessa

Action                   || total
-------------------------++-------
Melee: Hand axe          ||    23
       Tailslap          ||     3
 Abil: Rolling Charge    ||     2
  Use: Potion            ||     1
Armor: Leather armour    ||    11
Dodge: Dodged            ||     2

Table legend: (Time is in decaauts)
 A = Elapsed time spent in this place.
 B = Non-inter-level travel time spent in this place.
 C = Inter-level travel time spent in this place.
 D = Time resting spent in this place.
 E = Time spent auto-exploring this place.
 F = Levels seen in this place.
 G = Mean time per level.
                   A        B        C        D        E       F      G
               +--------+--------+--------+--------+--------+-----+--------+
         Total |    280 |    251 |     29 |      0 |    149 |   1 |  280.0 |
       Dungeon |    280 |    251 |     29 |      0 |    149 |   1 |  280.0 |
               +--------+--------+--------+--------+--------+-----+--------+

Top non-repeatable levels by time:
     D:5: 280 daAuts
